 Dungeon Crawl Stone Soup version 0.26.1-11-gd32895ea62 (webtiles) character file.

Game seed: 3558539412111511579

14 Zeld the Insei (level 2, 0/18 HPs)
             Began as an Octopode Transmuter on May 28, 2021.
             Slain by a rat (1 damage)
             ... on level 3 of the Dungeon.
             The game lasted 00:00:40 (475 turns).

Zeld the Insei (Octopode Transmuter)                 Turns: 475, Time: 00:00:41

Health: 0/18       AC:  1    Str:  9    XL:     2   Next: 41%
Magic:  5/5        EV: 13    Int: 15    God:
Gold:   22         SH:  0    Dex: 12    Spells: 2/5 levels left

rFire    . . .     SeeInvis .     - Unarmed
rCold    . . .     Faith    .   (no shield)
rNeg     . . .     Spirit   .   (helmet restricted)
rPois    .         Reflect  .   (no amulet)
rElec    .         Harm     .   (no ring)
rCorr    .         Rampage  .   (no ring)
Will     .....                  (no ring)
Stlth    ++........             (no ring)
HPRegen  0.06/turn              (no ring)
MPRegen  0.09/turn              (no ring)
                                (no ring)
                                (no ring)

@: no status effects
A: almost no armour, stealthy swim, amphibious, 8 rings, constrict 8, camouflage
1, gelatinous body 1
a: no special abilities


You were on level 3 of the Dungeon.
You visited 1 branch of the dungeon, and saw 3 of its levels.

You collected 22 gold pieces.

Inventory:

Scrolls
 b - 2 scrolls of identify {unknown}
Potions
 a - a potion of invisibility {unknown}


   Skills:
 + Level 1.2 Fighting
 + Level 2.2 Dodging
 - Level 3.0 Unarmed Combat
 * Level 2.3 Spellcasting
 * Level 2.3 Transmutations


You had 2 spell levels left.
You knew the following spells:

 Your Spells              Type           Power        Failure   Level
a - Beastly Appendage     Tmut           16%          9%          1
b - Wereblood             Tmut           8%           12%         2

Your spell library contained the following spells:

 Spells                   Type           Power        Failure   Level
 Spider Form              Tmut/Pois      2%           38%         3
 Ice Form                 Ice/Tmut       5%           80%         4
 Blade Hands              Tmut           4%           92%         5


Dungeon Overview and Level Annotations

Branches:
Dungeon (3/15)

Altars:

Annotations:
D:3 Grinder


Innate Abilities, Weirdness & Mutations

You cannot wear most types of armour.
You are very stealthy in the water. (Stealth+)
You are amphibious.
You can wear up to eight rings at the same time.
You can use your tentacles to constrict eight enemies at once.
Your skin changes colour to match your surroundings (Stealth+).
Your rubbery body absorbs attacks. (AC +1, EV +1)


Message History

Unknown command.
Grinder gestures at you.
You barely resist.
The helpless giant cockroach fails to defend itself.
You tentacle-slap the giant cockroach. You grab the giant cockroach.
The giant cockroach is lightly wounded.
You constrict the giant cockroach. The giant cockroach closely misses you.
The rat closely misses you.
You tentacle-slap the giant cockroach but do no damage.
The giant cockroach is moderately wounded.
You constrict the giant cockroach. The giant cockroach misses you.
The rat barely misses you.
Unknown command.
You barely miss the giant cockroach. You squeeze the giant cockroach.
The giant cockroach is almost dead.
You constrict the giant cockroach, but do no damage.
The giant cockroach barely misses you.
Grinder says, "DUCK!"
The rat bites you.
You die...

#.##.lr.lr.#
##.###.#.##.#
#####...#.#..##.# ##.
#........###5##.# ...
#.......## ##r#.# .w8.
#.....l..###.##.# ..8.8
##.##5rw#.#.###.##.8._r
# ##r###.## #.#...8.8
#@# #.####.w....8. #B#
#...5r<# #.# ######.#
!(# #.# ### #.# #.# ...
#.. #r#


You could see Grinder, a worm, a giant cockroach, a frilled lizard and 2 rats.

Vanquished Creatures
  A leopard gecko (D:2)
  A goblin (D:1)
  3 hobgoblins
  3 kobolds (D:1)
  A quokka (D:2)
  A bat (D:3)
  A rat (D:2)
11 creatures vanquished.

Notes
Turn   | Place    | Note
-------+----------+-------------------------------------------
     0 | D:1      | Zeld the Octopode Transmuter began the quest for the Orb.
     0 | D:1      | Reached XP level 1. HP: 13/13 MP: 3/3
   245 | D:1      | Reached XP level 2. HP: 18/18 MP: 3/5
   442 | D:2      | Learned a level 2 spell: Wereblood
   443 | D:3      | Found a faded altar of an unknown god.
   443 | D:3      | Noticed Grinder
   446 | D:3      | Paralysed by Grinder for 4 turns
   475 | D:3      | Slain by a rat

Illustrated notes

Levels and vault maps discovered:
D:1:      nzn_arrival_settlement, layout_loops_cross
D:2:      layout_basic, nicolae_gozag_seed_capital
D:3:      layout_loops_ring, general_overflow_altar,
          chequers_ecumenical_altar_simple_redux, uniq_grinder, uniq_purgy

Action                   || total
-------------------------++-------
Melee: Unarmed           ||    32
       Constrict         ||    12
       Kick              ||     5
       Tentacles         ||     3
 Cast: Beastly Appendage ||    10
 Stab: Sleeping          ||     2
Armor: Skin              ||     6
Dodge: Dodged            ||    33
